 Dungeon Crawl Stone Soup version 0.30.1-11-g7821555f0a (webtiles) character file.

Game seed: 6185589577934752874

667 BigPumpCobain the Insei (level 7, -2/52 HPs)
             Began as a Merfolk Transmuter on Dec 10, 2023.
             Shot with an arrow by a centaur (12 damage)
             ... on level 5 of the Dungeon.
             The game lasted 00:10:48 (5462 turns).

BigPumpCobain the Insei (Merfolk Transmuter)        Turns: 5462, Time: 00:10:49

Health: -2/52      AC:  2    Str: 11    XL:     7   Next: 57%
Magic:  3/11       EV: 20    Int: 14    God:
Gold:   150        SH:  0    Dex: 19    Spells: 4/12 levels left

rFire   . .          .
                       - Unarmed
rCold   . . .        (shield currently unavailable)
rNeg    . . .        a - melded +0 robe
rPois   x            m - melded +2 hat
rElec   .            (cloak currently unavailable)
rCorr   .            (gloves currently unavailable)
SInv    .            (boots currently unavailable)
Will    .....        (no amulet)
Stlth   ++           (no ring)
HPRegen 0.28/turn    (no ring)
MPRegen 0.12/turn

%: no passive effects
@: spider-form (expiring), very slightly contaminated
A: venomous fangs, tiny, (nimble swimmer 2), (mertail)
a: End Transformation


You were on level 5 of the Dungeon.
You were a venomous arachnid creature.
You visited 1 branch of the dungeon, and saw 5 of its levels.

You collected 150 gold pieces.

Inventory:

Missiles
 b - a throwing net
 r - 5 poisoned darts
Armour
 a - a +0 robe (melded)
 m - a +2 hat (melded)
Scrolls
 e - a scroll of poison
 f - a scroll of fog
 g - a scroll of enchant weapon
 h - 2 scrolls of noise
 j - a scroll of fear
 k - a scroll of torment
 l - a scroll of magic mapping {unknown}
 o - a scroll of acquirement {unknown}
Potions
 c - a potion of degeneration {unknown}
 d - 5 potions of flight
 i - 3 potions of curing {unknown}
 n - a potion of berserk rage {unknown}
 p - 2 potions of mutation {unknown}
 q - a potion of brilliance {unknown}


   Skills:
 + Level 3.1 Fighting
 - Level 2.6 Dodging
 * Level 7.0 Unarmed Combat
 - Level 3.1 Spellcasting
 - Level 5.8 Transmutations


You had 4 spell levels left.
You knew the following spells:

 Your Spells              Type           Power      Damage    Failure   Level
a - Beastly Appendage     Tmut           36%        N/A       8%          1
b - Spider Form           Tmut/Pois      10%        N/A       38%         3
c - Ice Form              Ice/Tmut       10%        N/A       75%         4

Your spell library contained the following spells:

 Spells                   Type           Power      Damage    Failure   Level
 Wereblood                Tmut           18%        N/A       11%         2


Dungeon Overview and Level Annotations

Branches:
Dungeon (5/15)
 Temple: D:4-7

Altars:
Ashenzari
Dithmenos
Gozag
Uskayaw
Yredelemnul
Zin


Innate Abilities, Weirdness & Mutations

You are a venomous arachnid creature.
You have venomous fangs.
You are tiny and dextrous.
Your spellcasting is less reliable in this form.
Your armour is entirely melded.
You are incapable of wielding weapons or throwing items.
((You are very nimble when in or above water. (Stealth+, EV+, Speed+++)))
((Your lower body shifts to a powerful aquatic tail in water.))


Message History

The bush is severely damaged.
The centaur shoots an arrow.
The arrow closely misses you.
You hit the bush.
The bush is severely damaged.
The centaur shoots an arrow.
The arrow closely misses you.
You hit the bush but do no damage.
The bush looks as sick as possible!
The bush is severely damaged.
The centaur shoots an arrow.
The arrow completely misses you.
You hit the bush but do no damage.
The bush is almost destroyed.
The centaur shoots an arrow.
The arrow misses you.
The centaur shoots an arrow.
The arrow misses you.
You completely miss the bush.
The bush is almost destroyed.
The centaur shoots an arrow.
The arrow barely misses you.
You hit the bush but do no damage.
The bush is almost destroyed.
The centaur unwields a +0 shortbow.
The centaur hits the bush but does no damage.
The centaur kicks the bush but does no damage.
You hit the bush but do no damage.
The bush is almost destroyed.
The centaur wields a +0 shortbow.
The centaur shoots an arrow.
The arrow misses you.
A jelly comes into view.
The jelly quivers.
You hit the bush.
You destroy the bush!
The centaur shoots an arrow.
The arrow hits you!
The centaur shoots an arrow.
The arrow completely misses you.
The centaur shoots an arrow.
The arrow barely misses you.
The centaur shoots an arrow.
The arrow hits you!
* * * LOW HITPOINT WARNING * * *
The centaur shoots an arrow.
The arrow hits you.
* * * LOW HITPOINT WARNING * * *
There is a stone staircase leading up here.
Your transformation is almost over.
The centaur shoots an arrow.
The arrow misses you.
The centaur shoots an arrow.
The arrow hits you!
You die...

## # #. #.##.#########
.##........#...#
.........#.#.#.#
#.......).....#
#...≈≈####....# #
.....≈..$Jc....#.###.#
.....≈≈####...s.......
....... #....#.###.#
##..... #....?...
##.l.. #......###
##... ########


You could see a centaur and a jelly.

Vanquished Creatures
  A centaur (D:4)
  An ogre (D:4)
  A phantom (D:4)
  A scorpion (D:4)
  A hound (D:4)
  An orc priest (D:4)
  Natasha (thrice) (D:3)
  An orc wizard (D:4)
  6 adders
  7 gnolls
  2 worms
  2 dart slugs
  10 orcs
  8 ball pythons
  6 endoplasms
  6 giant cockroaches
  5 goblins
  5 hobgoblins
  4 jackals (D:1)
  4 quokkas
  4 bats
  3 frilled lizards
  4 kobolds
  11 rats
97 creatures vanquished.

Notes
Turn   | Place    | Note
-------+----------+-------------------------------------------
     0 | D:1      | BigPumpCobain the Merfolk Transmuter began the quest for
                  | the Orb.
     0 | D:1      | Reached XP level 1. HP: 15/15 MP: 3/3
    55 | D:1      | Reached XP level 2. HP: 5/21 MP: 5/5
    59 | D:1      | HP: 1/21 [ball python (1)]
   442 | D:1      | Reached XP level 3. HP: 23/26 MP: 6/6
   446 | D:1      | Learned a level 3 spell: Spider Form
   814 | D:2      | Reached skill level 4 in Unarmed Combat
  1403 | D:2      | HP: 1/26 [gnoll/+0 spear (1)]
  1408 | D:2      | Reached XP level 4. HP: 4/32 MP: 7/7
  2305 | D:3      | Noticed Natasha
  2442 | D:3      | Killed Natasha
  2443 | D:3      | Reached XP level 5. HP: 37/37 MP: 4/9
  2458 | D:3      | Noticed Natasha
  2462 | D:3      | Found a hide-covered altar of Uskayaw.
  2467 | D:3      | Killed Natasha
  2468 | D:3      | Reached skill level 5 in Transmutations
  2468 | D:3      | Found a glowing silver altar of Zin.
  2470 | D:3      | Found a broken altar of Ashenzari.
  2615 | D:3      | Reached skill level 5 in Unarmed Combat
  2697 | D:3      | Found a basalt altar of Yredelemnul.
  2765 | D:3      | Found a shadowy altar of Dithmenos.
  2922 | D:3      | Found an opulent altar of Gozag.
  3021 | D:3      | Noticed Natasha
  3026 | D:3      | Killed Natasha
  3027 | D:3      | Reached XP level 6. HP: 43/43 MP: 2/10
  3638 | D:4      | Learned a level 4 spell: Ice Form
  4111 | D:4      | HP: 1/44 [ogre/+0 giant club (4)]
  4123 | D:4      | Reached skill level 6 in Unarmed Combat
  4123 | D:4      | Reached XP level 7. HP: 5/50 MP: 3/11
  5004 | D:4      | Reached skill level 7 in Unarmed Combat
  5305 | D:5      | Entered Level 5 of the Dungeon
  5462 | D:5      | Shot with an arrow by a centaur

Illustrated notes

Levels and vault maps discovered:
D:1:      sevenhm_arrival_forest_fort_small_6, layout_basic
D:2:      layout_rooms, serial_co_window_serial, co_window_paths_a,
          co_window_of_opportunity_a, co_window_paths_a,
          co_window_of_opportunity_a, co_window_corner_a, co_window_paths_a,
          co_window_of_opportunity_b, co_window_paths_c, co_window_cross_2,
          co_window_unsneaky_path_c, co_window_sun, co_window_4corner_a,
          glass_columns_a, glass_columns_a, glass_columns_b, glass_columns_a,
          glass_columns_b
D:3:      layout_rooms, mainiacjoe_overflow_cross_hatched,
          nicolae_gozag_seed_capital, grunt_temple_overflow_open,
          nicolae_dithmenos_through_a_glass_darkly, serial_curves,
          eino_curves_03, eino_curves_01, uniq_natasha
D:4:      layout_basic, nicolae_underground_beach
D:5:      layout_basic, nemelex_xobeh_ov_fountains_minmay,
          minmay_temple_entry_hall, serial_corexii_hall, corexii_hall_statues_s,
          chequers_hall_statues_wall_a, serial_shops, nicolae_shop_dealshenge,
          kb_lookout_dungeons_type, minmay_misc_feat_tiny, glass_columns_c,
          uniq_ijyb, uniq_grinder

Skill      XL: |  1  2  3  4  5  6  7 |
---------------+----------------------+-----
Transmutations | 3 4 5 |  5.8
Unarmed Combat | 4 5 6 7 |  7.0
Spellcasting   | 3 |  3.1
Fighting       | 2 3 |  3.1
Dodging        | |  2.6

Action                     |  1- 3 |  4- 6 |  7- 9 || total
---------------------------+-------+-------+-------++-------
  Melee: Unarmed           |   133 |   105 |    46 ||   284
         Punch             |     5 |       |       ||     5
         Headbutt          |     5 |       |       ||     5
   Cast: Beastly Appendage |    11 |       |       ||    11
         Spider Form       |       |    27 |    13 ||    40
    Use: Scroll            |     3 |       |     5 ||     8
         Potion            |     1 |       |       ||     1
   Stab: Sleeping          |     3 |       |     1 ||     4
 Armour: Robe              |    17 |       |     1 ||    18
         Skin              |     2 |     2 |     4 ||     8
  Dodge: Dodged            |    85 |   113 |    56 ||   254
